 Dungeon Crawl Stone Soup version 0.28.0-53-g5a82cb258f (webtiles) character file.

Game seed: 1362293165234324830

14 tizbic2 the Slasher (level 2, -3/42 HPs)
             Began as a Naga Berserker on July 17, 2022.
             Was a Follower of Trog.
             Slain by Terence
             ... wielding a +0 mace
              (6 damage)
             ... on level 2 of the Dungeon.
             The game lasted 00:03:35 (678 turns).

tizbic2 the Slasher (Naga Berserker)                 Turns: 678, Time: 00:03:36

Health: -3/42      AC:  4    Str: 19    XL:     2   Next: 45%
Magic:  2/2        EV:  7    Int:  7    God:    Trog [*.....]
Gold:   52         SH:  0    Dex: 10    Spells: 1/1 levels left

rFire   . . .      SeeInvis +   a - +0 whip (freeze)
rCold   . . .      Faith    .   (no shield)
rNeg    . . .      Spirit   .   e - +0 scale mail
rPois   +          Reflect  .   (no helmet)
rElec   .          Harm     .   (no cloak)
rCorr   .          Rampage  .   (no gloves)
Will    .....                   (no barding)
Stlth   ..........              (no amulet)
HPRegen 0.14/turn               (no ring)
MPRegen 0.08/turn               (no ring)

@: berserking, short of breath, quick
A: AC +0, large, see invisible, deformed body, poison resistance, slowness 2,
spit poison 1, naga tail 1
a: Spit Poison, Renounce Religion, Berserk


You were on level 2 of the Dungeon.
You worshipped Trog.
Trog was aware of your devotion.
You visited 1 branch of the dungeon, and saw 2 of its levels.

You collected 52 gold pieces.

Inventory:

Hand Weapons
 a - a +0 whip of freezing (weapon)
 w - a +0 short sword
Missiles
 f - 6 poisoned darts
Armour
 b - a +0 animal skin
 e - a +0 scale mail (worn)
Jewellery
 g - a ring of ice
Scrolls
 c - a scroll of teleportation {unknown}
 d - 3 scrolls of identify {unknown}
 h - a scroll of enchant armour {unknown}


   Skills:
 - Level 3.0 Fighting
 + Level 1.0(2.1) Short Blades
 - Level 3.0(3.1) Long Blades
 - Level 1.5 Armour
 - Level 1.5 Dodging
 * Level 2.7 Stealth


You had one spell level left.
You didn't know any spells.
Your spell library was empty.

Dungeon Overview and Level Annotations

Branches:
Dungeon (2/15)

Altars:

Shops:
D:1 *

Annotations:
D:2 Terence


Innate Abilities, Weirdness & Mutations

Your serpentine skin is tough. (AC +0)
You have supernaturally acute eyesight. (SInv)
Armour fits poorly on your strangely shaped body.
Your system is resistant to poisons. (rPois)
You cover ground very slowly.
You can spit poison.
You have a snake-like lower body.


Message History

Press: ? - help, Q - select action, (/) - cycle Shift-Dir - straight line, f - worm
Aim: a worm (moderately wounded, 86% to hit)
The splash of poison hits the worm.
The worm is severely wounded.
The worm bites you.
You barely miss the worm.
The worm is severely wounded.
The worm bites you.
You hit the worm.
The worm is severely wounded.
You puncture the worm!
You kill the worm!
Trog accepts your kill.
Your base Short Blades skill increases to level 1!
d - 3 scrolls labelled VEJUJE YHUQETROA (gained 1)
You have got your breath back.
You see here a +0 falchion.
Terence the Incautious comes into view.
He is wielding a +0 mace.
Terence shouts!
Aiming: Spit Poison (2% risk of failure)
Press: ? - help, Q - select action, (/) - cycle Shift-Dir - straight line, f - Terence
Aim: Terence, wielding a +0 mace and wearing a +0 scale mail (65% to hit)
The splash of poison hits Terence.
Terence is lightly wounded.
Terence hits you with a +0 mace!
A worm comes into view.
A red film seems to cover your vision as you go berserk!
You feel yourself moving faster!
You feel mighty! Terence hits you with a +0 mace!
* * * LOW HITPOINT WARNING * * *
You closely miss Terence.
Terence is lightly wounded.
Terence hits you with a +0 mace.
* * * LOW HITPOINT WARNING * * *
Your +0 whip of freezing glows with a cold blue light!
a - a +0 whip of freezing (weapon)
You hit Terence. You freeze Terence.
Terence is heavily wounded.
Terence hits you with a +0 mace.
You die...

######## #######
#......# ...#.#
###..###.#
..#.#####......#.# #.##
#w#.##.......#.#.#
#....#@#.##.##....#.#..
#..@........#.##.###
###.#.##.##.#.##.#
###.##.##.#....#
#.)..######### ######


You could see Terence and a worm.

Vanquished Creatures
  A worm (D:2)
  A dart slug (D:1)
  2 bats (D:1)
  An endoplasm (D:1)
  A goblin (D:1)
  2 hobgoblins (D:1)
  A frilled lizard (D:1)
9 creatures vanquished.

Notes
Turn   | Place    | Note
-------+----------+-------------------------------------------
     0 | D:1      | tizbic2 the Naga Berserker began the quest for the Orb.
     0 | D:1      | Reached XP level 1. HP: 21/21 MP: 1/1
   196 | D:1      | Reached skill level 1 in Stealth
   264 | D:1      | Reached XP level 2. HP: 24/28 MP: 2/2
   303 | D:1      | Found Ocoog's General Store.
   664 | D:2      | Reached skill level 1 in Short Blades
   672 | D:2      | Noticed Terence
   678 | D:2      | Slain by Terence

Illustrated notes

Levels and vault maps discovered:
D:1:      erik_arrival_blinker_ship, layout_basic, serial_shops, shop,
          serial_glass, glass_columns_a, glass_columns_a,
          chequers_serial_rivers_small_a, dk_noncrumbling_3
D:2:      layout_basic, uniq_terence

Skill      XL: |  1  2 |
---------------+-------+-----
Stealth        | 2 |  2.7
Short Blades   | 1 |  1.0
Fighting       | |  3.0
Long Blades    | |  3.0
Armour         | |  1.5
Dodging        | |  1.5

Action                   || total
-------------------------++-------
Melee: Whip              ||    19
       Falchion          ||     2
       Short sword       ||     8
Invok: Berserk           ||     1
 Abil: Spit Poison       ||     3
Armor: Scale mail        ||    14
       Animal skin       ||     2
Dodge: Dodged            ||     7
